 Dungeon Crawl Stone Soup version 0.31.0-12-g77e489cdc1 (webtiles) character file.

Game seed: 3957493432868518765

30094 Gadfly the Covert (level 13, -1/67 HPs)
             Began as a Spriggan Enchanter on Feb 18, 2024.
             Was an Initiate of Gozag.
             Incinerated by a deep elf pyromancer (4 damage)
             ... with a pyre arrow
             ... on level 14 of the Dungeon.
             The game lasted 00:38:32 (17417 turns).

Gadfly the Covert (Spriggan Enchanter)             Turns: 17417, Time: 00:38:33

Health: -1/67      AC:  7    Str:  4    XL:     13   Next: 18%
Magic:  0/28       EV: 26    Int: 17    God:    Gozag
Gold:   3245       SH:  0    Dex: 20    Spells: 28/33 levels left

rFire   . . .        a - +2 dagger (drain)
rCold   + . .        (no shield)
rNeg    . . .        A - +1 steam dragon scales
rPois   .            (helmet restricted)
rElec   .            s - +0 cloak
rCorr   .            (gloves unavailable)
SInv    +            (boots unavailable)
Will    ++...        e - amulet of guardian spirit
Stlth   +++          l - +4 ring of slaying
HPRegen 0.31/turn    n - ring of protection from cold
MPRegen 0.21/turn

%: guardian spirit
@: on fire, gold aura, glowing, very quick
A: very small, no large weapons, unfitting armour, see invisible, speed 3
a: Renounce Religion, Potion Petition, Call Merchant, Bribe Branch


You were on level 14 of the Dungeon.
You worshipped Gozag.
Gozag was most pleased with you.
You visited 2 branches of the dungeon, and saw 15 of its levels.
You also visited: Bailey.

You collected 3407 gold pieces.
You paid 162 gold pieces to Gozag.

Inventory:

Hand Weapons
 a - a +2 dagger of draining (weapon)
 b - a +2 vampiric dagger
 q - a +4 short sword
 w - a +1 heavy dagger
 M - a +1 scimitar of flaming
Missiles
 h - 3 throwing nets
Armour
 f - a +1 robe of fire resistance
 s - a +0 cloak (worn)
 A - +1 steam dragon scales (worn)
 E - a +2 robe of positive energy
 G - the +1 robe of Modesty {rCorr Dex+4}
   (You found it on level 11 of the Dungeon)

   Dex+4:     It affects your dexterity (+4).
   rCorr:     It protects you from acid and corrosion.
Jewellery
 e - an amulet of guardian spirit (around neck)
 l - a +4 ring of slaying (left hand)
 n - a ring of protection from cold (right hand)
 K - a ring of resist corrosion
Wands
 g - a wand of flame (24)
 o - a wand of digging (6)
 u - a wand of charming (22)
 B - a wand of iceblast (4)
Scrolls
 d - 4 scrolls of teleportation
 m - 2 scrolls of fog
 v - 2 scrolls of vulnerability
 x - a scroll of blinking
 y - 2 scrolls of poison
 C - 6 scrolls of identify
 F - a scroll of revelation
 H - a scroll of enchant weapon
 I - a scroll of enchant armour
 J - a scroll of torment
Potions
 c - 2 potions of invisibility
 i - 4 potions of cancellation
 j - a potion of attraction
 k - a potion of magic
 p - 2 potions of resistance
 r - a potion of brilliance
 t - 5 potions of curing
 z - a potion of heal wounds
 D - a potion of haste
 L - a potion of might


   Skills:
 + Level 7.4 Fighting
 + Level 9.8 Short Blades
 + Level 11.4 Dodging
 + Level 13.8 Stealth
 + Level 10.7 Spellcasting
 + Level 10.8 Hexes
 + Level 11.1 Evocations


You had 28 spell levels left.
You knew the following spells:

 Your Spells              Type           Power      Damage    Failure   Level
a - Ensorcelled Hibernat  Hex/Ice        54%        N/A       1%          2
b - Confusing Touch       Hex            46%        N/A       1%          3

Your spell library contained the following spells:

 Spells                   Type           Power      Damage    Failure   Level
 Jinxbite                 Hex            92%        N/A       1%          2
 Tukima's Dance           Hex            46%        N/A       1%          3
 Dazzling Flash           Conj/Hex       54%        N/A       2%          3
 Apportation              Tloc           18%        N/A       8%          1
 Foxfire                  Conj/Fire      36%        2x1d5     8%          1
 Necrotise                Necr           36%        1d5       8%          1
 Vampiric Draining        Necr           9%         2d6       24%         3
 Martyr's Knell           Necr/Summ      9%         N/A       61%         4
 Vhi's Electric Charge    Tloc/Air       18%        N/A       61%         4
 Alistair's Intoxication  Alch           6%         N/A       91%         5
 Arcjolt                  Conj/Air       4%         1d14      91%         5
 Curse of Agony           Necr           9%         N/A       91%         5
 Plasma Beam              Fire/Air       4%         2x1d14    100%        6
 Starburst                Conj/Fire      4%         6d4       100%        6
 Maxwell's Capacitive Co  Air            4%         ∞         100%        8


Dungeon Overview and Level Annotations

Branches:
Dungeon (14/15)            Temple (1/1) D:6            Lair (0/5) D:11
    Orc (0/2) D:12         Bailey (visited)
 Vaults: D:13-14

Altars:
Ashenzari
Cheibriados
Dithmenos
Elyvilon
Fedhas
Gozag
Hepliaklqana
Kikubaaqudgha
Makhleb
Nemelex Xobeh
Okawaru
Qazlal
Ru
Sif Muna
Trog
Uskayaw
Vehumet
Wu Jian
Xom
Yredelemnul
Zin
The Shining One

Shops:
D:4 *


Innate Abilities, Weirdness & Mutations

You are very small and have problems with some larger weapons.
You are too small for most types of armour.
You have supernaturally acute eyesight. (SInv)
You cover ground extremely quickly. (Speed+++)


Message History

Press: ? - help, Shift-Dir - straight line, f - deep elf pyromancer, p - fire elemental
Aim: a deep elf pyromancer, wielding a +2 vampiric long sword (chance to affect: 40%)
The deep elf pyromancer resists with some effort.
The liquid fire burns you! The fire elemental barely misses you.
The fire elemental hits you. The fire elemental burns you!
The deep elf pyromancer casts a spell.
The deep elf pyromancer blinks!
You shake off some of the fire as you move.
The liquid fire burns you!
Casting: Ensorcelled Hibernation (safe; 1% risk of failure)
Confirm with . or Enter, or press ? or * to list all spells.
Aiming: Ensorcelled Hibernation (safe; 1% risk of failure)
Press: ? - help, Shift-Dir - straight line, f/p - deep elf pyromancer
Aim: a deep elf pyromancer, wielding a +2 vampiric long sword (chance to affect: 40%)
The deep elf pyromancer resists with some effort.
The liquid fire burns you! The fire elemental barely misses you.
The fire elemental hits you. The fire elemental burns you!
Unknown command.
Casting: Ensorcelled Hibernation (safe; 1% risk of failure)
Confirm with . or Enter, or press ? or * to list all spells.
Aiming: Ensorcelled Hibernation (safe; 1% risk of failure)
Press: ? - help, Shift-Dir - straight line, f/p - deep elf pyromancer
Aim: a deep elf pyromancer, wielding a +2 vampiric long sword (chance to affect: 40%)
The deep elf pyromancer looks drowsy...
The liquid fire burns you!
The fire elemental completely misses you.
The fire elemental hits you. The fire elemental burns you!
* * * LOW HITPOINT WARNING * * *
The fire elemental hits you. The fire elemental burns you!
* * * LOW HITPOINT WARNING * * *
The fire elemental misses you. x2
The helpless deep elf pyromancer fails to defend itself.
You spit the deep elf pyromancer like a pig!!!!!
You kill the deep elf pyromancer!
The fire elemental disappears in a puff of smoke! x3
The liquid fire burns you!
You die...
Your body crumbles into a pile of gold.

....#...............#
....'...............#
....#...............#
....#...............#
....#...............#
#####...............#
.....########.......#
.....# #...$...#
.....# #.?.@...#
.....# #..§§§..#
.....# #..°.○..#
.....# #..°...>#
.....# #.......#
.....# #.......#
###### #########


There were no monsters in sight!

Vanquished Creatures
  Josephine (D:12)
  A boulder beetle (D:14)
  3 centaur warriors
  4 two-headed ogres
  2 tengu warriors (D:14)
  The ghost of Gadfly the Covert, a journeyman SpEn (D:9)
  4 skeletal warriors (D:12)
  Pikel (D:5)
  2 orc knights
  3 deep elf pyromancers
  2 manticores
  2 cyclopes
  2 ugly things
  An ice statue (D:7)
  4 gargoyles
  An unseen horror (D:11)
  Maggie (D:7)
  An efreet (D:13)
  3 komodo dragons (D:11)
  A kobold demonologist (D:7)
  5 trolls
  Grinder (D:5)
  A hornet (D:8)
  Prince Ribbit (D:7)
  6 slime creatures
  7 wraiths
  A water elemental (D:12)
  3 shadows
  4 yaks
  2 wyverns
  Eustachio (D:5)
  4 basilisks
  Grum (D:11)
  4 steam dragons
  2 acid dragons (D:8)
  Duvessa (D:5)
  2 water moccasins
  11 orc warriors
  4 laughing skulls (D:14)
  An ice beast (D:7)
  A black bear (D:3)
  3 sky beasts
  5 ogres
  3 wolves (D:11)
  4 centaurs
  2 lemures (D:5)
  A phantom (D:4)
  6 kobold brigands
  7 bullfrogs
  A scorpion (D:7)
  12 wights
  Dowan (D:5)
  13 killer bees
  2 electric eels (D:12)
  5 hounds
  A gnoll bouda (D:7)
  13 orc priests
  3 sleepcaps
  2 iguanas
  9 orc wizards
  15 gnolls
  10 adders
  A shadow imp (D:7)
  2 white imps (D:6)
  2 dart slugs
  50 orcs
  4 ball pythons
  8 endoplasms
  9 giant cockroaches
  6 goblins
  10 hobgoblins
  2 jackals (D:2)
  6 quokkas
  3 bats
  19 kobolds
  10 rats
353 creatures vanquished.

Notes
Turn   | Place    | Note
-------+----------+-------------------------------------------
     0 | D:1      | Gadfly the Spriggan Enchanter began the quest for the Orb.
     0 | D:1      | Reached XP level 1. HP: 9/9 MP: 5/5
   199 | D:1      | Reached XP level 2. HP: 14/14 MP: 6/6
   206 | D:1      | Learned a level 2 spell: Ensorcelled Hibernation
   342 | D:1      | Reached skill level 1 in Evocations
   661 | D:1      | Reached XP level 3. HP: 17/17 MP: 2/8
  1441 | D:2      | Reached skill level 1 in Fighting
  1441 | D:2      | Reached XP level 4. HP: 22/22 MP: 6/9
  1673 | D:2      | Reached skill level 5 in Stealth
  2032 | D:2      | Learned a level 3 spell: Confusing Touch
  2120 | D:3      | Noticed a black bear
  2126 | D:3      | Killed a black bear
  2127 | D:3      | Reached XP level 5. HP: 25/25 MP: 5/11
  2297 | D:3      | Identified the +7 mace of Fate {drain, Str+8}
  2334 | D:3      | Found a glowing golden altar of the Shining One.
  3153 | D:4      | Reached XP level 6. HP: 30/30 MP: 12/12
  3339 | D:4      | Found Cesobeiq's Fire Supplies.
  3557 | D:4      | Reached skill level 6 in Stealth
  4282 | D:5      | Entered Level 5 of the Dungeon
  4384 | D:5      | Reached XP level 7. HP: 23/35 MP: 2/14
  4520 | D:5      | Reached skill level 5 in Hexes
  4623 | D:5      | Noticed Grinder
  4636 | D:5      | Noticed Pikel
  4654 | D:5      | Killed Grinder
  4655 | D:5      | Reached skill level 5 in Dodging
  4854 | D:5      | Killed Pikel
  4855 | D:5      | Reached skill level 7 in Stealth
  4855 | D:5      | Reached skill level 5 in Spellcasting
  4855 | D:5      | Reached XP level 8. HP: 40/40 MP: 0/16
  5095 | D:5      | Noticed Duvessa
  5095 | D:5      | Noticed Dowan
  5103 | D:5      | Killed Duvessa
  5104 | D:5      | Reached skill level 5 in Evocations
  5112 | D:5      | Killed Dowan
  5223 | D:5      | Noticed Eustachio
  5229 | D:5      | Killed Eustachio
  5588 | D:6      | Found a staircase to the Ecumenical Temple.
  5597 | Temple   | Entered the Ecumenical Temple
  5617 | Temple   | Became a worshipper of Gozag Ym Sagoz the Greedy
  5716 | D:6      | Reached skill level 5 in Short Blades
  5716 | D:6      | Reached skill level 8 in Stealth
  5732 | D:6      | Reached XP level 9. HP: 44/44 MP: 11/18
  6147 | D:6      | Found a sparkling altar of Nemelex Xobeh.
  6735 | D:7      | Found a radiant altar of Vehumet.
  6812 | D:7      | Noticed Maggie
  6818 | D:7      | Killed Maggie
  6819 | D:7      | Reached skill level 9 in Stealth
  7072 | D:7      | Noticed Prince Ribbit
  7074 | D:7      | Killed Prince Ribbit
  7102 | D:7      | Noticed an ice statue
  7319 | D:7      | Killed an ice statue
  7320 | D:7      | Reached XP level 10. HP: 51/51 MP: 21/21
  7490 | D:7      | Noticed a two-headed ogre
  7494 | D:7      | Killed a two-headed ogre
  7532 | D:7      | Noticed a cyclops
  7539 | D:7      | Killed a cyclops
  7540 | D:7      | Reached skill level 10 in Stealth
  7588 | D:7      | Noticed a gargoyle
  7588 | D:7      | Noticed a gargoyle
  7603 | D:7      | Reached skill level 5 in Fighting
  7612 | D:7      | Killed a gargoyle
  7617 | D:7      | Killed a gargoyle
  8008 | D:8      | Noticed a gargoyle
  8008 | D:8      | Noticed a centaur warrior
  8008 | D:8      | Noticed a centaur warrior
  8187 | D:8      | Noticed a two-headed ogre
  8195 | D:8      | Killed a two-headed ogre
  8284 | D:8      | Found an ornate altar of the Wu Jian Council.
  8457 | D:8      | Noticed a red ugly thing
  8707 | D:8      | Reached XP level 11. HP: 51/56 MP: 18/24
  8950 | D:8      | Killed a red ugly thing
  8951 | D:8      | Reached skill level 11 in Stealth
  9049 | D:8      | Killed a centaur warrior
  9430 | D:8      | Killed a centaur warrior
 10179 | D:9      | Found a shadowy altar of Dithmenos.
 10264 | D:9      | Identified the flux talisman of the Gastropod {Dex+5}
 10439 | D:9      | Found a white marble altar of Elyvilon.
 10907 | D:10     | Entered Level 10 of the Dungeon
 10967 | D:10     | Noticed a two-headed ogre
 11011 | D:10     | Killed a two-headed ogre
 11261 | D:10     | Noticed a two-headed ogre
 11267 | D:10     | Killed a two-headed ogre
 11268 | D:10     | Reached skill level 12 in Stealth
 11273 | D:10     | Found a flagged portal.
 11292 | Bailey   | Entered a bailey
 11486 | Bailey   | Noticed an orc knight
 11487 | Bailey   | Found a bloodstained altar of Trog.
 11495 | Bailey   | Killed an orc knight
 11520 | Bailey   | Identified the +5 arbalest of the Vulture {penet, Fly
                  | Stlth+}
 11632 | D:10     | Found a snail-covered altar of Cheibriados.
 11752 | D:9      | Found a runed translucent door.
 11789 | D:9      | Noticed Gadfly's ghost (journeyman SpEn)
 11828 | D:9      | Killed Gadfly's ghost
 11988 | D:10     | Reached skill level 10 in Dodging
 12106 | D:10     | Reached XP level 12. HP: 59/62 MP: 21/26
 12768 | D:11     | Found a staircase to the Lair.
 13180 | D:11     | Noticed Grum
 13189 | D:11     | Killed Grum
 13317 | D:11     | Reached skill level 10 in Evocations
 13640 | D:11     | Identified the +1 robe of Modesty {rCorr Dex+4}
 14100 | D:12     | Noticed Josephine
 14155 | D:12     | Reached skill level 10 in Hexes
 14216 | D:12     | Killed Josephine
 14607 | D:12     | Reached skill level 13 in Stealth
 14659 | D:12     | Reached skill level 10 in Spellcasting
 14706 | D:12     | Found a staircase to the Orcish Mines.
 15877 | D:13     | Noticed a centaur warrior
 15908 | D:12     | Killed a centaur warrior
 16594 | D:13     | Reached XP level 13. HP: 67/67 MP: 28/28
 17416 | D:14     | HP: 3/67 [fire elemental[a deep elf pyromancer] (12)]
 17417 | D:14     | Incinerated by a deep elf pyromancer

Illustrated notes

Levels and vault maps discovered:
D:1:      dpeg_cavernosity, layout_basic
D:2:      cheibrodos_old_hovel, layout_rooms
D:3:      layout_basic, amcnicky_altar_gilded
D:4:      layout_basic, nicolae_shop_fire_sale [nicolae_sub_dead_trees],
          hangedman_decor_push, nicolae_grassy_gnolls
D:5:      layout_cave_pools, chequers_serial_rivers_large_a, uniq_grinder,
          uniq_duvessa, uniq_pikel, uniq_eustachio
D:6:      layout_gridville, nemelex_dance_club_becter, minmay_temple_entry_wispy
D:7:      lemuel_ice_statue, layout_loops_cross, overflow_temple_1_default,
          minmay_shattered_shrine, uniq_maggie, uniq_prince_ribbit1
D:8:      minmay_bloctagon, layout_gridville, kennysheep_mini_moat,
          grunt_ministairs_10
D:9:      layout_loops_ring, elyvilon_altar_3,
          nicolae_dithmenos_through_a_glass_darkly,
          ebering_ghost_reflecting_pool
D:10:     layout_gridville, mainiacjoe_overflow_small_starburst, enter_bailey_4
D:11:     layout_loops_ring, erik_lair_dragon, uniq_grum
D:12:     layout_roguey, erik_orc_2, uniq_josephine
D:13:     layout_small_grid, special_room [special_room_orc], bh_walls_and_bars
D:14:     layout_gridville, hellmonk_vaults_attempted_burglary, serial_glass,
          glass_columns_b, glass_columns_a, due_unseen_surprise
Temple:   hellmonk_temple_of_storms

Skill      XL: |  1  2  3  4  5  6  7  8  9 10 11 12 13 |
---------------+----------------------------------------+-----
Dodging        | 3 4 5 6 7 8 10 11 | 11.4
Evocations     | 1 2 3 4 5 6 8 9 10 11 | 11.1
Spellcasting   | 3 4 5 7 8 9 10 | 10.7
Short Blades   | 2 3 4 5 6 7 8 9 |  9.8
Fighting       | 1 2 3 4 5 6 7 |  7.4
Stealth        | 5 6 7 8 9 10 12 13 | 13.8
Hexes          | 4 5 6 7 8 9 10 | 10.8

Action                     |  1- 3 |  4- 6 |  7- 9 | 10-12 | 13-15 || total
---------------------------+-------+-------+-------+-------+-------++-------
  Melee: Dagger            |   108 |   117 |   217 |   585 |    28 ||  1055
         Punch             |       |     2 |     3 |     7 |       ||    12
  Throw: Throwing net      |       |       |       |     5 |       ||     5
   Cast: Ensorcelled Hiber |    19 |    49 |    52 |   168 |    20 ||   308
         Confusing Touch   |       |     2 |    10 |    27 |     4 ||    43
  Evoke: Wand              |       |       |    26 |    13 |       ||    39
    Use: Scroll            |     2 |     6 |     1 |     8 |       ||    17
         Potion            |       |     1 |     1 |     7 |       ||     9
   Stab: Sleeping          |    19 |    28 |    41 |   101 |     9 ||   198
         Confused          |       |     2 |     7 |    20 |     4 ||    33
         Distracted        |       |       |     2 |     5 |       ||     7
         Invisible         |       |       |       |     3 |       ||     3
         Held in net/web   |       |       |       |     1 |       ||     1
 Armour: Robe              |    24 |    45 |    43 |       |       ||   112
         Steam dragon scal |       |       |    18 |   150 |    16 ||   184
  Dodge: Dodged            |    92 |   123 |   164 |   522 |    43 ||   944
